 Dungeon Crawl Stone Soup version 0.21-a0-578-gc6e9d75 (webtiles) character file.

611 PinkishYellow the Cudgeler (level 7, -15/70 HPs)
             Began as an Ogre Berserker on Dec 18, 2017.
             Was a Believer of Trog.
             Demolished by Duvessa
             ... wielding a +4 short sword of electrocution
              (17 damage)
             ... on level 5 of the Dungeon.
             The game lasted 00:09:45 (3648 turns).

PinkishYellow the Cudgeler (Ogre Berserker)         Turns: 3648, Time: 00:09:46

Health: -15/70     AC:  4    Str: 24    XL:     7   Next: 43%
Magic:  7/7        EV: 11    Int:  8    God:    Trog [**....]
Gold:   171        SH:  0    Dex:  8    Spells: 6/6 levels left

rFire    . . .     SeeInvis .   p - +1 whip (drain)
rCold    . . .     Gourm    .   (no shield)
rNeg     . . .     Faith    .   b - +1 animal skin
rPois    .         Spirit   .   (helmet restricted)
rElec    .         Reflect  .   (no cloak)
rCorr    .         Harm     .   (gloves unavailable)
MR       .....                  (boots unavailable)
Stlth    +.........             (no amulet)
HPRegen  0.21/turn              (no ring)
MPRegen  0.10/turn              (no ring)

@: berserk cooldown, slowed, very slow
A: large, unfitting armour, tough skin 1
a: Berserk, Trog's Hand, Burn Spellbooks, Renounce Religion


You were on level 5 of the Dungeon.
You worshipped Trog.
Trog was pleased with you.
You were not hungry.

You visited 1 branch of the dungeon, and saw 5 of its levels.

You collected 171 gold pieces.

Inventory:

Hand Weapons
 a - a +0 mace
 p - a +1 whip of draining (weapon)
Missiles
 k - 100 stones (quivered)
Armour
 b - a +1 animal skin (worn)
Jewellery
 f - an uncursed amulet of magic regeneration
 o - a +2 ring of intelligence {unknown}
 t - a +2 ring of intelligence {unknown}
 w - an uncursed ring of ice {unknown}
Wands
 u - a wand of flame (22)
Scrolls
 d - a scroll of enchant armour
 g - a scroll of blinking {unknown}
 j - 3 scrolls of teleportation
 l - a scroll of fog {unknown}
 s - a scroll of remove curse {unknown}
 v - a scroll of amnesia {unknown}
Potions
 e - 2 potions of heal wounds {unknown}
 h - 2 potions of curing
 i - a potion of magic {unknown}
 m - a potion of degeneration {unknown}
 q - a potion of haste {unknown}
 x - a potion of agility {unknown}
Books
 r - a book of Necromancy

   Spells                             Type                      Level
   a - Pain                           Necromancy                   1
   b - Animate Skeleton               Necromancy                   1
   c - Vampiric Draining              Necromancy                   3
   d - Regeneration                   Charms/Necromancy            3
   e - Animate Dead                   Necromancy                   4
   f - Control Undead                 Necromancy                   4
   Trog disapproves of the use of such an item.
Comestibles
 c - 5 rations


   Skills:
 + Level 4.1 Fighting
 + Level 5.9 Maces & Flails
 - Level 1.0 Throwing
 + Level 4.9 Dodging
 - Level 1.1 Stealth


You had 6 spell levels left.
You didn't know any spells.

Dungeon Overview and Level Annotations

Branches:
Dungeon (5/15)
 Temple: D:4-7

Altars:
Elyvilon
Xom
Zin

Annotations:
D:5 Dowan, Duvessa


Innate Abilities, Weirdness & Mutations

You are too large for most types of armour.
You have tough skin. (AC +1)


Message History

The adder zombie barely misses you.
You barely miss the howler monkey skeleton.
The howler monkey skeleton is almost destroyed.
The howler monkey skeleton hits you.
* * * LOW HITPOINT WARNING * * *
The adder zombie closely misses you.
You whack the howler monkey skeleton!
You destroy the howler monkey skeleton!
Trog accepts your kill.
Dowan points at you and mumbles some strange words.
The puff of flame hits you!
* * * LOW HITPOINT WARNING * * *
The adder zombie closely misses you.
You closely miss Duvessa.
Duvessa is almost dead.
Duvessa barely misses you. The adder zombie closely misses you. x2
Duvessa hits you with a short sword of electrocution.
* * * LOW HITPOINT WARNING * * *
You are electrocuted!
You die...

...#...........#
..#............#
.>#............#
..(............#
........##.##..##
####....######..##
#.#..# ##O.#
###..# #..## ...#
##@.# .# ##..
##eZ#...#
###.e.....#
#...........
#†.#+#..#... ....#
..# .. ..%...# ..#
. ......... .##
.........


You could see Duvessa, an ogre, Dowan and an adder zombie.

Vanquished Creatures
  The ghost of Feta the Conjurer, an amateur DrCj (D:4)
  A phantom (D:5)
  A scorpion (D:5)
  A crimson imp (D:5)
  3 hounds
  2 orc priests (D:4)
  A worker ant (D:4)
  A howler monkey skeleton (D:5)
  7 adders
  A shadow imp (D:5)
  2 leopard geckos
  11 orcs (D:4)
  3 bats
  3 giant cockroaches
  A goblin (D:2)
  A hobgoblin (D:3)
  5 jackals (D:4)
  A quokka (D:4)
  A ball python (D:3)
  4 frilled lizards
  A jackal skeleton (D:4)
  5 kobolds
  7 rats
64 creatures vanquished.

Notes
Turn   | Place    | Note
-------+----------+-------------------------------------------
     0 | D:1      | PinkishYellow the Ogre Berserker began the quest for the Orb.
     0 | D:1      | Reached XP level 1. HP: 24/24 MP: 1/1
   148 | D:1      | Reached skill level 3 in Maces & Flails
   257 | D:1      | Reached XP level 2. HP: 18/32 MP: 2/2
   792 | D:2      | Found a glowing silver altar of Zin.
   794 | D:2      | Noticed an angel
   796 | D:2      | Found a shimmering altar of Xom.
  1230 | D:3      | Reached XP level 3. HP: 34/39 MP: 3/3
  1935 | D:3      | Reached ** piety under Trog
  1987 | D:4      | Reached XP level 4. HP: 39/48 MP: 4/4
  2134 | D:4      | Reached skill level 4 in Maces & Flails
  2182 | D:4      | Reached XP level 5. HP: 51/54 MP: 5/5
  2289 | D:4      | Noticed Feta's ghost (amateur DrCj)
  2298 | D:4      | Killed Feta's ghost
  2298 | D:4      | Reached skill level 5 in Maces & Flails
  2298 | D:4      | Reached XP level 6. HP: 51/62 MP: 6/6
  3286 | D:5      | Entered Level 5 of the Dungeon
  3302 | D:5      | Reached skill level 1 in Stealth
  3353 | D:5      | Noticed a phantom
  3383 | D:5      | Reached XP level 7. HP: 60/70 MP: 7/7
  3434 | D:5      | Reached skill level 1 in Throwing
  3440 | D:5      | Found a white marble altar of Elyvilon.
  3608 | D:5      | Noticed Dowan
  3611 | D:5      | Noticed Duvessa
  3648 | D:5      | HP: 2/70 [Duvessa/short sword of electrocution (3)]
  3648 | D:5      | Demolished by Duvessa

Vault maps used:
D:1:      dpeg_arrival_more_subterranean_lakeside_camping,
          hangedman_decor_lopped
D:2:      grunt_temple_overflow_order_and_chaos_1, first_ration
D:5:      kennysheep_mini_moat, elyvilon_altar_4, uniq_duvessa

Skill      XL: |  1  2  3  4  5  6  7 |
---------------+----------------------+-----
Maces & Flails | 3 4 5 |  5.9
Dodging        | 3 4 |  4.9
Stealth        | 1 |  1.1
Throwing       | 1 |  1.0
Fighting       | |  4.1

Action                   |  1- 3 |  4- 6 |  7- 9 || total
-------------------------+-------+-------+-------++-------
Melee: Mace              |    85 |       |       ||    85
       Whip              |    14 |   134 |    57 ||   205
Throw: Stone             |     2 |    31 |     4 ||    37
Invok: Berserk           |       |     3 |     1 ||     4
       Trog's Hand       |       |     1 |     1 ||     2
  Use: Scroll            |     1 |     3 |       ||     4
       Potion            |       |       |     1 ||     1
  Eat: Chunk             |     2 |     5 |       ||     7
       Ration            |     1 |     1 |       ||     2
Armor: Animal skin       |    26 |    24 |    14 ||    64
Dodge: Dodged            |    62 |    54 |    36 ||   152

Table legend:
 A = Spawn XP
 B = Non-spawn XP
 C = Spawn XP percentage of total XP
 D = Spawn monster count
 E = Non-spawn monster count
 F = Spawn count percentage of total count
 G = Total turns spent on level
                    A         B        C        D         E        F      G
               +---------+---------+-------+---------+---------+-------+---------
         Total |       0 |     873 |   0.0 |       0 |      64 |   0.0 |  3648
               +---------+---------+-------+---------+---------+-------+---------
           D:1 |       0 |      14 |   0.0 |       0 |      10 |   0.0 |   461
           D:2 |       0 |      17 |   0.0 |       0 |       4 |   0.0 |   704
           D:3 |       0 |      41 |   0.0 |       0 |      11 |   0.0 |   816
           D:4 |       0 |     444 |   0.0 |       0 |      31 |   0.0 |  1308
           D:5 |       0 |     357 |   0.0 |       0 |       8 |   0.0 |   359
               +---------+---------+-------+---------+---------+-------+---------
